 Dungeon Crawl Stone Soup version 0.23.2-40-g277498a (webtiles) character file.

Game seed: 14960362526794704091

21 sanboga the Shield-Bearer (level 2, 0/19 HPs)
             Began as a Gargoyle Fighter on Oct 14, 2019.
             Killed from afar by Sigmund (8 damage)
             ... with a puff of flame
             ... on level 2 of the Dungeon.
             The game lasted 00:01:09 (726 turns).

sanboga the Shield-Bearer (Gargoyle Fighter)         Turns: 726, Time: 00:01:10

Health: 0/19       AC: 12    Str: 19    XL:     2   Next: 87%
Magic:  2/2        EV:  5    Int:  8    God:
Gold:   64         SH:  9    Dex:  9    Spells: 1/1 levels left

rFire    . . .     SeeInvis .   a - +0 war axe
rCold    . . .     Gourm    .   c - +0 shield
rNeg     + . .     Faith    .   e - +0 chain mail
rPois    ∞         Spirit   .   (no helmet)
rElec    +         Reflect  .   (no cloak)
rCorr    .         Harm     .   (no gloves)
MR       .....                  (no boots)
Stlth    ..........             (no amulet)
HPRegen  0.06/turn              (no ring)
MPRegen  0.08/turn              (no ring)

@: no status effects
A: negative energy resistance 1, electricity resistance, unbreathing,
petrification resistance, rot immunity, AC +2
a: no special abilities


You were on level 2 of the Dungeon.
You were not hungry.

You visited 1 branch of the dungeon, and saw 2 of its levels.

You collected 64 gold pieces.

Inventory:

Hand Weapons
 a - a +0 war axe (weapon)
Armour
 c - a +0 shield (worn)
 e - a +0 chain mail (worn)
Potions
 d - a potion of might
 j - 2 potions of heal wounds
 l - a potion of mutation {unknown}
 m - 2 potions of curing {unknown}
Comestibles
 b - 2 chunks of flesh
 f - 2 rations


   Skills:
 + Level 3.4 Fighting
 * Level 2.2 Axes
 + Level 3.5 Armour
 * Level 3.6 Shields


You had one spell level left.
You didn't know any spells.
Your spell library was empty.

Dungeon Overview and Level Annotations

Branches:
Dungeon (2/15)

Altars:
Elyvilon

Annotations:
D:2 Sigmund


Innate Abilities, Weirdness & Mutations

You are resistant to torment.
Your stone body is resilient. (AC +2)
You are immune to poison.
You resist negative energy. (rN+)
You are resistant to electric shocks. (rElec)
You can survive without breathing.
You are immune to petrification.
You are immune to rotting.


Message History

Sorry, you're not good enough to have a special ability.
Sorry, you're not good enough to have a special ability.
You miss something. Something hits you.
You closely miss something.
You hear some strange, mumbled words.
A magic dart appears from out of thin air!
The magic dart hits you.
You closely miss something. You block something's attack.
You hit something. Something hits you but does no damage.
You miss something. You block something's attack.
You miss something. Something hits you.
You closely miss something. Something hits you but does no damage.
Your shield and chain mail prevent you from hitting something.
Something hits you but does no damage.
You hit something. Something hits you but does no damage.
You miss something.
You hear some strange, mumbled words.
A puff of flame appears from out of thin air!
The puff of flame hits you!
You die...

#............)
#.....÷...#######
#........<.......
#......÷..######.
#........).......
#.........######. .
#....)....#######....
#######.#.#..........
####+#@#.#####...$
#..........# .
#..........#
#..........+
#.###...###.# #
≈≈...≈ .# #≈..♣.. )#
...r.... .# ...♣._.


You could see a neutral quokka (wandering).

Vanquished Creatures
  2 leopard geckos (D:1)
  2 giant cockroaches (D:1)
  A goblin (D:1)
  3 hobgoblins (D:1)
  3 kobolds
  4 bats
  A frilled lizard (D:2)
  A rat (D:1)
17 creatures vanquished.

Notes
Turn   | Place    | Note
-------+----------+-------------------------------------------
     0 | D:1      | sanboga the Gargoyle Fighter began the quest for the Orb.
     0 | D:1      | Reached XP level 1. HP: 14/14 MP: 1/1
   147 | D:1      | Reached XP level 2. HP: 19/19 MP: 2/2
   704 | D:2      | Found a white marble altar of Elyvilon.
   706 | D:2      | Noticed Sigmund
   726 | D:2      | Killed from afar by Sigmund

Skill      XL: |  1 |
---------------+----+-----
Axes           | 2 |  2.2
Fighting       | |  3.4
Armour         | |  3.5
Shields        | |  3.6

Action                   || total
-------------------------++-------
Melee: War axe           ||    79
  Use: Scroll            ||     3
       Potion            ||     1
Armor: Scale mail        ||    23
       Chain mail        ||    47
Dodge: Dodged            ||    28
Block: Shield            ||    64
